 Dungeon Sprint DCSS version 0.31.0-12-g77e489cdc1 (webtiles) character file.

Game seed: 11137101503992970184

202 Heoruswealwe the Spear-Bearer (level 5, -6/53 HPs)
             Began as a Minotaur Fighter on Feb 15, 2024.
             Was an Initiate of Gozag.
             Mangled by a troll (9 damage)
             ... in the Dungeon (Sprint IX: "|||||||||||||||||||||||||||||").
             The game lasted 00:01:06 (155 turns).

Heoruswealwe the Spear-Bearer (Minotaur Fighter)     Turns: 155, Time: 00:01:08

Health: -6/53      AC:  8    Str: 22    XL:     5   Next: 50%
Magic:  4/4        EV:  9    Int:  5    God:    Gozag
Gold:   0          SH:  4    Dex: 10    Spells: 4/4 levels left

rFire   . . .        a - +0 trident
rCold   . . .        d - +0 buckler
rNeg    . . .        c - +0 scale mail
rPois   .            (helmet restricted)
rElec   .            (no cloak)
rCorr   .            (no gloves)
SInv    .            (no boots)
Will    .....        (no amulet) Stlth
                     (no ring)
HPRegen 0.28/turn    (no ring)
MPRegen 0.09/turn

%: no teleportation
@: no status effects
A: horns 2, retaliatory headbutt
a: Renounce Religion, Potion Petition, Call Merchant, Bribe Branch


You were in the Dungeon.
You worshipped Gozag.
Gozag was noncommittal.
You visited 1 branch

Inventory:

Hand Weapons
 a - a +0 trident (weapon)
Armour
 c - a +0 scale mail (worn)
 d - a +0 buckler (worn)
Jewellery
 k - a +3 ring of intelligence
 l - a +3 ring of strength
Wands
 h - a wand of roots (10)
Scrolls
 j - 2 scrolls of blinking
Potions
 b - a potion of might
 e - 5 potions of curing
 f - 2 potions of heal wounds
 g - a potion of haste
 i - a potion of berserk rage


   Skills:
 + Level 7.8 Fighting
 * Level 10.0 Polearms
 + Level 7.8 Armour
 - Level 3.6 Shields


You had 4 spell levels left.
You didn't know any spells.
Your spell library was empty.

Dungeon Overview and Level Annotations

Branches:
Dungeon (1/1)

Altars:
Cheibriados
Dithmenos
Elyvilon
Fedhas
Gozag
Hepliaklqana
Kikubaaqudgha
Makhleb
Nemelex Xobeh
Okawaru
Qazlal
Ru
Sif Muna
Trog
Uskayaw
Vehumet
Wu Jian
Xom
Yredelemnul
Zin
The Shining One
Jiyva
Lugonu


Innate Abilities, Weirdness & Mutations

You have a pair of horns on your head.
You reflexively headbutt those who attack you in melee.


Message History

Items here: )))))).
Okay, then.
You see here a +0 pair of boots.
You see here a +0 helmet.
You see here a +1 chain mail of willpower.
k - a +3 ring of intelligence
l - a +3 ring of strength You open the door.
An orc wizard, a vampire, a komodo dragon, 2 dragons and a troll come into view.
The komodo dragon hisses angrily.
The steam dragon hisses angrily.
The troll shouts!
You barely miss the troll. The troll bites you!
The troll claws you but does no damage. The troll barely misses you.
You barely miss the troll. The troll closely misses you. The troll claws you.
The troll claws you but does no damage.
You completely miss the troll. The troll bites you. The troll claws you.
You block the troll's attack.
You hit the troll but do no damage. You hit the troll but do no damage.
The orc wizard casts a spell.
The orc wizard flickers and vanishes!
Deactivating autopickup; reactivate with Ctrl-A.
The troll bites you! The troll completely misses you. The troll claws you.
* * * LOW HITPOINT WARNING * * *
You completely miss the troll. The troll bites you but does no damage.
The troll claws you.
* * * LOW HITPOINT WARNING * * *
You block the troll's attack.
You barely miss the troll. You headbutt the troll.
The troll is lightly wounded.
The troll completely misses you. You furiously retaliate!
You headbutt the troll. You block the troll's attack. The troll claws you.
* * * LOW HITPOINT WARNING * * *
You barely miss the troll.
The troll is lightly wounded.
You block the troll's attack. The troll claws you.
* * * LOW HITPOINT WARNING * * *
The troll claws you!
You die...
Your body crumbles into a pile of gold.

▓.▓
▓{▓
▓V▓
▓l▓
▓D▓
▓D▓
▓T▓
▓@▓
▓.▓
▓[▓
▓[▓
▓[▓
▓.▓
▓)▓
▓?▓
▓!▓


You could see a komodo dragon, a troll, a vampire, a steam dragon and an acid
dragon.

Vanquished Creatures
  An ogre (D)
  A phantom (D)
  An iguana (D)
  2 adders (D)
  An endoplasm (D)
  A giant cockroach (D)
  2 kobolds (D)
  A rat (D)
10 creatures vanquished.

Notes
Turn   | Place    | Note
-------+----------+-------------------------------------------
     0 | D        | Heoruswealwe the Minotaur Fighter began the quest for the
                  | Orb.
     0 | D        | Reached XP level 1. HP: 19/19 MP: 0/0
     6 | D        | Reached skill level 3 in Polearms
    64 | D        | Noticed an ogre
    64 | D        | Noticed a phantom
    64 | D        | Noticed an iguana
    67 | D        | Killed an iguana
    68 | D        | Reached skill level 5 in Fighting
    68 | D        | Reached skill level 5 in Polearms
    68 | D        | Reached skill level 5 in Armour
    68 | D        | Reached XP level 2. HP: 18/29 MP: 1/1
    68 | D        | Reached XP level 3. HP: 23/36 MP: 2/2
    82 | D        | Killed a phantom
    83 | D        | Reached skill level 8 in Polearms
    83 | D        | Reached XP level 4. HP: 33/45 MP: 3/3
    93 | D        | Killed an ogre
    94 | D        | Reached skill level 9 in Polearms
    94 | D        | Reached XP level 5. HP: 35/53 MP: 4/4
    97 | D        | Reached skill level 10 in Polearms
   103 | D        | Found a snail-covered altar of Cheibriados.
   103 | D        | Found a shadowy altar of Dithmenos.
   103 | D        | Found a white marble altar of Elyvilon.
   103 | D        | Found a blossoming altar of Fedhas.
   103 | D        | Found an opulent altar of Gozag.
   104 | D        | Found a hazy altar of Hepliaklqana.
   105 | D        | Found a viscous altar of Jiyva.
   106 | D        | Found an ancient bone altar of Kikubaaqudgha.
   107 | D        | Found a corrupted altar of Lugonu.
   108 | D        | Found a burning altar of Makhleb.
   109 | D        | Found a sparkling altar of Nemelex Xobeh.
   110 | D        | Found an iron altar of Okawaru.
   111 | D        | Became a worshipper of Gozag Ym Sagoz the Greedy
   112 | D        | Found a stormy altar of Qazlal.
   113 | D        | Found a sacrificial altar of Ru.
   114 | D        | Found a shimmering blue altar of Sif Muna.
   115 | D        | Found a bloodstained altar of Trog.
   116 | D        | Found a hide-covered altar of Uskayaw.
   117 | D        | Found a radiant altar of Vehumet.
   118 | D        | Found an ornate altar of the Wu Jian Council.
   119 | D        | Found a shimmering altar of Xom.
   120 | D        | Found a basalt altar of Yredelemnul.
   121 | D        | Found a glowing silver altar of Zin.
   122 | D        | Found a glowing golden altar of the Shining One.
   147 | D        | Noticed a vampire
   147 | D        | Noticed a komodo dragon
   147 | D        | Noticed an acid dragon
   147 | D        | Noticed a steam dragon
   147 | D        | Noticed a troll
   155 | D        | Mangled by a troll

Illustrated notes

Levels and vault maps discovered:
D:        linesprint [early_d, line_temple, items_1, d_10, items_2, lair_1,
          lair_end, items_3, orc_1, orc_end, items_4, d_15, swamp_1, shoals_1,
          snake_1, spider_1, d_20, vaults_1, items_5, swamp_end, shoals_end,
          snake_end, spider_end, vaults_end, d_27, items_6, zot_1, zot_end,
          crypt_end, forest_end, elf_end, slime_end, tomb_end, abyss_end,
          pan_hell_end]

Skill      XL: |  1  2  3  4  5 |
---------------+----------------+-----
Polearms       | 5 8 9 10 | 10.0
Fighting       | 5 6 7 |  7.8
Armour         | 5 6 7 |  7.8
Shields        | |  3.6

Action                     |  1- 3 |  4- 6 || total
---------------------------+-------+-------++-------
  Melee: Trident           |    28 |    21 ||    49
         Headbutt          |     2 |     3 ||     5
    Use: Potion            |       |     1 ||     1
 Armour: Scale mail        |    14 |    22 ||    36
  Dodge: Dodged            |     9 |     6 ||    15
  Block: Buckler           |     4 |     5 ||     9
